 Dungeon Crawl Stone Soup version 0.21.1-1-g345015f (webtiles) character file.

230 Falco the Magician (level 5, -5/30 HPs)
             Began as a Deep Elf Warper on Apr 23, 2018.
             Killed by nerve-wracking pain
             ... invoked by an orc priest
              (13 damage)
             ... on level 3 of the Dungeon.
             The game lasted 00:26:28 (3806 turns).

Falco the Magician (Deep Elf Warper)                Turns: 3806, Time: 00:26:29

Health: -5/30      AC:  3    Str:  9    XL:     5   Next: 72%
Magic:  1/13       EV: 13    Int: 18    God:
Gold:   115        SH:  0    Dex: 14    Spells: 2/12 levels left

rFire    . . .     SeeInvis .   a - +0 short sword
rCold    . . .     Gourm    .   (no shield)
rNeg     . . .     Faith    .   b - +0 leather armour
rPois    .         Spirit   .   (no helmet)
rElec    .         Reflect  .   (no cloak)
rCorr    .         Harm     .   (no gloves)
MR       .....                  (no boots)
Stlth    +.........             (no amulet)
HPRegen  0.10/turn              (no ring)
MPRegen  0.13/turn              (no ring)

@: very slightly contaminated
A: no striking features
a: no special abilities


You were on level 3 of the Dungeon.
You were not hungry.

You visited 1 branch of the dungeon, and saw 3 of its levels.

You collected 115 gold pieces.

Inventory:

Hand Weapons
 a - a +0 short sword (weapon)
 e - a +0 hunting sling
 g - a +0 dagger
Missiles
 t - a tomahawk (quivered)
Armour
 b - a +0 leather armour (worn)
 k - a +0 robe
Jewellery
 p - a +4 ring of strength {unknown}
Wands
 n - a wand of acid (12)
Scrolls
 d - a scroll of blinking
 h - 3 scrolls of magic mapping {unknown}
 l - 2 scrolls of remove curse {unknown}
 m - a scroll of random uselessness {unknown}
 o - a scroll of teleportation {unknown}
 r - a scroll of fog {unknown}
 s - a scroll of identify
Potions
 f - a potion of berserk rage {unknown}
 i - a potion of flight
 j - 2 potions of curing
 q - a potion of haste {unknown}
 u - a potion of degeneration {unknown}
Books
 c - a book of Spatial Translocations

   Spells                             Type                      Level
   a - Blink                          Translocation                2
   b - Shroud of Golubria             Charms/Translocation         2
   c - Lesser Beckoning               Translocation                3
   d - Gell's Gravitas                Translocation                3
   e - Teleport Other                 Translocation                3
   f - Passage of Golubria            Translocation                4


   Skills:
 + Level 1.9 Fighting
 + Level 3.1 Short Blades
 + Level 1.4 Throwing
 + Level 1.8 Armour
 + Level 3.3 Dodging
 + Level 0.1 Stealth
 + Level 4.4 Spellcasting
 + Level 2.1 Charms
 + Level 4.0 Translocations


You had 2 spell levels left.
You knew the following spells:

 Your Spells              Type           Power        Failure   Level  Hunger
a - Blink                 Tloc           N/A          5%          2    #......
b - Shroud of Golubria    Chrm/Tloc      ###.......   9%          2    #......
c - Gell's Gravitas       Tloc           ###.......   11%         3    ###....
d - Teleport Other        Tloc           ###.....     11%         3    ###....


Dungeon Overview and Level Annotations

Branches:
Dungeon (3/15)

Altars:
Gozag
Okawaru
Wu Jian


Message History

The orc priest is severely wounded.
The orc priest hits you but does no damage.
You hit the orc priest but do no damage.
The orc priest is severely wounded.
The orc priest hits you.
* * * LOW HITPOINT WARNING * * *
You hit the orc priest but do no damage.
The orc priest is severely wounded.
The orc priest looks satisfied for a moment.
Your magical contamination has completely faded away.
Casting: Shroud of Golubria
Confirm with . or Enter, or press ? or * to list all spells.
You miscast Shroud of Golubria.
You are very lightly contaminated with residual magic.
Nothing appears to happen.
The orc priest barely misses you.
You hit the orc priest.
The orc priest is severely wounded.
The orc priest invokes the aid of Beogh against you.
Pain shoots through your body!
You die...

...?.>........#
#$.....†.....#
#....†.†...#
######.#####
#........# #......[.#
.. #..lo....# #..
####o##### # #@# #
#.# #.# #.# # #.# ###
#.# ######). #.#
###...).[#
####.#######...######
#............###


You could see an orc priest, an orc and a frilled lizard.

Vanquished Creatures
  A bullfrog (D:3)
  An orc wizard (D:3)
  5 adders
  A worm (D:3)
  A dart slug (D:3)
  3 leopard geckos
  5 orcs (D:3)
  7 bats
  4 giant cockroaches
  6 goblins
  9 hobgoblins
  5 jackals
  5 kobolds
  2 quokkas (D:3)
  2 ball pythons
  5 frilled lizards
  20 rats
82 creatures vanquished.

Notes
Turn   | Place    | Note
-------+----------+-------------------------------------------
     0 | D:1      | Falco the Deep Elf Warper began the quest for the Orb.
     0 | D:1      | Reached XP level 1. HP: 12/12 MP: 6/6
    10 | D:1      | Reached skill level 1 in Armour
   259 | D:1      | Reached XP level 2. HP: 9/17 MP: 8/8
   616 | D:1      | Learned a level 2 spell: Blink
   619 | D:1      | Learned a level 2 spell: Shroud of Golubria
   921 | D:1      | Reached XP level 3. HP: 21/21 MP: 6/9
   926 | D:1      | Learned a level 3 spell: Gell's Gravitas
  1175 | D:2      | Found an iron altar of Okawaru.
  1532 | D:2      | HP: 1/21 [adder (4)]
  1536 | D:2      | Reached XP level 4. HP: 14/26 MP: 5/11
  1698 | D:2      | Found a faded altar of an unknown god.
  1727 | D:2      | Learned a level 3 spell: Teleport Other
  2028 | D:2      | Found an opulent altar of Gozag.
  2036 | D:2      | Reached skill level 1 in Charms
  2669 | D:3      | Found an ornate altar of the Wu Jian Council.
  3266 | D:3      | Reached XP level 5. HP: 11/30 MP: 1/13
  3806 | D:3      | Killed from afar by an orc priest

Skill      XL: |  1  2  3  4  5 |
---------------+----------------+-----
Armour         | 1 |  1.8
Dodging        | 3 |  3.3
Charms         | 2 |  2.1
Spellcasting   | 4 |  4.4
Short Blades   | 3 |  3.1
Translocations | 4 |  4.0
Fighting       | |  1.9
Throwing       | |  1.4
Stealth        | |  0.1

Action                   |  1- 3 |  4- 6 || total
-------------------------+-------+-------++-------
Melee: Short sword       |   198 |   151 ||   349
Throw: Tomahawk          |     5 |    17 ||    22
 Cast: Shroud of Golubri |    16 |    15 ||    31
       Blink             |     2 |       ||     2
       Gell's Gravitas   |     1 |    13 ||    14
  Use: Scroll            |     1 |       ||     1
       Potion            |     2 |       ||     2
 Stab: Sleeping          |       |     1 ||     1
  Eat: Ration            |     1 |     3 ||     4
Armor: Leather armour    |    30 |    25 ||    55
Dodge: Dodged            |   125 |   115 ||   240
